 Dungeon Crawl Stone Soup version 0.18.1-48-g4cf74bf (webtiles) character file.

340 Dickchan the Vexing (level 6, -2/41 HPs)
             Began as a Vampire Enchanter on Sept 2, 2016.
             Hit by a tomahawk thrown by an orc (5 damage)
             ... on level 4 of the Dungeon on Sept 3, 2016.
             The game lasted 00:09:51 (3157 turns).

Dickchan the Vexing (Vampire Enchanter)             Turns: 3157, Time: 00:09:52

Health: -2/41      AC:  2    Str:  7    XL:     6   Next: 30%
Magic:  4/9        EV: 14    Int: 20    God:
Gold:   166        SH:  0    Dex: 14    Spells: 3 memorised, 3 levels left

rFire  . . .     SeeInvis +     a - +1 dagger
rCold  . . .     Gourm    .     r - +0 robe (curse)
rNeg   + . .     Faith    .     (no shield)
rPois  .         Spirit   .     (no helmet)
rElec  .         Dismiss  .     (no cloak)
rCorr  .         Reflect  .     (no gloves)
SustAt .         Harm     .     (no boots)
MR     .....                    (no amulet)
Stlth  +++.......               (no ring)
                                (no ring)

@: not resistant to hostile enchantments, fairly stealthy
A: fangs 3, see invisible, unbreathing
a: Bat Form


You were on level 4 of the Dungeon.
You were not thirsty.

You visited 1 branch of the dungeon, and saw 4 of its levels.

You collected 166 gold pieces.

Inventory:

Hand Weapons
 a - a +1 dagger (weapon)
Armour
 b - a +1 robe
 r - a cursed +0 robe (worn)
Jewellery
 v - an uncursed ring of stealth {unknown}
 x - a +4 ring of protection {unknown}
Wands
 y - a wand of polymorph (13/24)
Scrolls
 e - 5 scrolls of identify {unknown}
 f - a scroll of noise {unknown}
 i - a scroll of recharging {unknown}
 j - a scroll of magic mapping {unknown}
 k - a scroll of remove curse {unknown}
 o - a scroll of immolation {unknown}
 t - a scroll of blinking {unknown}
 u - a scroll of random uselessness {unknown}
 w - a scroll of enchant weapon {unknown}
 z - a scroll of amnesia {unknown}
 B - a scroll of fog {unknown}
 D - 2 scrolls of teleportation {unknown}
Potions
 d - 2 potions of berserk rage {unknown}
 g - 3 potions of haste {unknown}
 h - 2 potions of ambrosia {unknown}
 l - 4 potions of degeneration {unknown}
 m - a potion of magic {unknown}
 n - a potion of brilliance {unknown}
 p - 2 potions of lignification {unknown}
 q - a potion of curing {unknown}
 s - a potion of beneficial mutation {unknown}
 A - a potion of cancellation {unknown}
 C - a potion of invisibility {unknown}
Books
 c - a book of Maledictions

   Spells                             Type                      Level
   a - Corona                         Hexes                        1
   b - Ensorcelled Hibernation        Hexes/Ice                    2
   c - Confuse                        Hexes                        3
   d - Tukima's Dance                 Hexes                        3
   e - Dazzling Spray                 Conjuration/Hexes            3


   Skills:
 * Level 4.9 Short Blades
 + Level 3.9 Dodging
 + Level 5.3 Stealth
 - Level 2.0 Spellcasting
 + Level 6.2 Hexes


You had 3 spell levels left.
You knew the following spells:

 Your Spells              Type           Power        Failure   Level  Hunger
a - Corona                Hex            ####...      1%          1    #......
b - Ensorcelled Hibernat  Hex/Ice        ##....       10%         2    ##.....
c - Tukima's Dance        Hex            ####....     4%          3    ###....


Dungeon Overview and Level Annotations

Branches:
Dungeon (4/15)
 Temple: D:4-7

Altars:
Trog

Annotations:
D:3 Anatei's ghost, weakling MiFi


Innate Abilities, Weirdness & Mutations

You have razor-sharp teeth.
You have supernaturally acute eyesight.
You can survive without breathing.


Message History

Aiming: Tukima's Dance
Press: ? - help, Shift-Dir - straight line, f - orc priest
Aim: an orc priest, wielding a mace of draining (heavily wounded, chance to defeat MR: 67%)
The mace of draining dances into the air!
The orc priest hits you.
* * * LOW HITPOINT WARNING * * *
You hit the orc priest.
The orc priest is severely wounded.
You hit the orc priest.
The orc priest is almost dead.
The orc priest mumbles some strange prayers to Beogh against you.
Beogh smites you!
* * * LOW HITPOINT WARNING * * *
You hit the orc priest.
You kill the orc priest!
An adder comes into view.
Your mace of draining falls from the air.
Found a scroll labeled ORCHEM PAGAO.
Found a stone staircase leading down.
The orc throws a tomahawk.
The tomahawk hits you.
You die... #.####)#####)#.# ....## #...%.S.....(#.#####.#.## ######.#####............# #.# #.#..####.. ..# ######.#####.#..# .oo

.# ##..........S.#..#
..# ..
##...#########.#..####..
.....# #..........
.....# #.#@.##### ####.#
###...<# #.# #....#.#
#.# #.#..#.# ...
#.#..#># ## #.#....?
#.####.#..<.o
#....<.##....# #.######
.#.##


You could see an adder and an orc.

Vanquished Creatures
  A big kobold (D:4)
  An orc wizard (D:4)
  An orc priest (D:4)
  A giant frog skeleton (D:4)
  Jessica (D:3)
  2 worker ants (D:4)
  5 adders
  An ooze (D:3)
  2 worms
  2 dart slugs (D:1)
  A giant gecko (D:1)
  5 orcs (D:4)
  4 giant cockroaches
  9 hobgoblins
  A jackal (D:4)
  7 kobolds
  A ball python (D:1)
  2 bats
  5 giant newts
  2 goblins
  8 rats
62 creatures vanquished.

Notes
Turn   | Place    | Note
--------------------------------------------------------------
     0 | D:1      | Dickchan the Vampire Enchanter began the quest for the Orb.
     0 | D:1      | Reached XP level 1. HP: 13/13 MP: 3/3
   365 | D:1      | Reached XP level 2. HP: 19/19 MP: 3/5
   997 | D:2      | Reached XP level 3. HP: 24/24 MP: 6/6
  1124 | D:2      | Reached skill level 5 in Hexes
  1322 | D:2      | Learned a level 2 spell: Ensorcelled Hibernation
  1625 | D:2      | Learned a level 3 spell: Tukima's Dance
  1865 | D:3      | Noticed a moth of wrath
  1868 | D:3      | Found a bloodstained altar of Trog.
  1920 | D:3      | Reached XP level 4. HP: 11/30 MP: 0/7
  2215 | D:3      | Noticed Jessica
  2220 | D:3      | Killed Jessica
  2422 | D:3      | Noticed Anatei's ghost (weakling MiFi)
  2498 | D:4      | Noticed a big kobold
  2591 | D:4      | Killed a big kobold
  2591 | D:4      | Reached XP level 5. HP: 32/35 MP: 1/8
  2871 | D:4      | Reached skill level 5 in Stealth
  2939 | D:4      | Reached skill level 6 in Hexes
  2941 | D:4      | Reached XP level 6. HP: 41/41 MP: 2/9
  3145 | D:4      | HP: 2/41 [orc priest/divine providence (9)]
  3157 | D:4      | Hit by a tomahawk thrown by an orc

Skill      XL: |  1  2  3  4  5 |
---------------+----------------+-----
Short Blades   | 2 3 4 |  4.9
Hexes          | 5 6 |  6.2
Dodging        | 3 |  3.9
Stealth        | 5 |  5.3
Spellcasting   | |  2.0

Action                   |  1- 3 |  4- 6 || total
-------------------------+-------+-------++-------
Melee: Dagger            |   129 |    48 ||   177
       Bite              |     8 |     4 ||    12
 Cast: Corona            |    30 |     2 ||    32
       Ensorcelled Hiber |     4 |    20 ||    24
       Tukima's Dance    |     1 |     1 ||     2
 Stab: Sleeping          |     6 |    22 ||    28
  Eat: Corpse            |     4 |     5 ||     9
Armor: Robe              |     9 |     1 ||    10
Dodge: Dodged            |    80 |    13 ||    93
